TOP OF THE 1ST |
University of Florida Gators batting - Pitching for University of Virginia Cavaliers : RHP Roland Kindschy
|
Pitching: RHP Roland Kindschy
|
|
Batting: LHB Juan Cadavid
|
0-0: Swinging Strike 0-1: Swinging Strike 0-2: Ball 1-2: Ball 2-2: Ball 3-2: Ground out 1-3 (Groundball, 13, EV 63.8 MPH)
|
Batting: SHB Pat Justice
|
0-0: Called Strike 0-1: Foul Ball, location: 2F 0-2: Strikes out swinging
|
Batting: LHB Dave Newsome
|
0-0: Foul Ball, location: 2F 0-1: Ball 1-1: Ball 2-1: Ball 3-1: Fly out, F9 (Line Drive, 9S, EV 90.0 MPH)
|
Top of the 1st over - 0 runs, 0 hits, 0 errors, 0 left on base; University of Florida 0 - University of Virginia 0 |
BOTTOM OF THE 1ST |
University of Virginia Cavaliers batting - Pitching for University of Florida Gators : LHP Jorge Guadalupe
|
Pitching: LHP Jorge Guadalupe
|
|
Batting: SHB Ethan Lewis
|
0-0: Ball 1-0: Ball 2-0: Foul Ball, location: 2F 2-1: Foul Ball, location: 2F 2-2: Ground out 1-3 (Groundball, 34S, EV 67.5 MPH)
|
Batting: RHB Jeremy Weber
|
0-0: Called Strike 0-1: Swinging Strike 0-2: Strikes out looking
|
Batting: LHB Ray Nichter
|
0-0: Ball 1-0: Fly out, F7 (Line Drive, 78D, EV 98.8 MPH)
|
Bottom of the 1st over - 0 runs, 0 hits, 0 errors, 0 left on base; University of Florida 0 - University of Virginia 0 |
TOP OF THE 2ND |
University of Florida Gators batting - Pitching for University of Virginia Cavaliers : RHP Roland Kindschy
|
Batting: RHB Juan Lopez
|
0-0: Called Strike 0-1: Ball 1-1: Ball 2-1: Fly out, F8 (Flyball, 8LM, EV 90.6 MPH)
|
Batting: RHB Cyril Theophanous
|
0-0: Called Strike 0-1: Called Strike 0-2: Ball 1-2: Foul Ball, location: 2F 1-2: Foul Ball, location: 2F 1-2: Strikes out swinging
|
Batting: LHB Jose Garcia
|
0-0: Called Strike 0-1: Ball 1-1: Foul Ball, location: 2F 1-2: Ball 2-2: Strikes out swinging
|
Top of the 2nd over - 0 runs, 0 hits, 0 errors, 0 left on base; University of Florida 0 - University of Virginia 0 |
BOTTOM OF THE 2ND |
University of Virginia Cavaliers batting - Pitching for University of Florida Gators : LHP Jorge Guadalupe
|
Batting: RHB Maurice McDonald
|
0-0: Ball 1-0: Ball 2-0: Called Strike 2-1: Ball 3-1: Foul Ball, location: 2F 3-2: Ground out 4-3 (Groundball, 34, EV 91.9 MPH)
|
Batting: RHB Allen McCaskill
|
0-0: Foul Ball, location: 2F 0-1: Fly out, F8 (Flyball, 8LM, EV 76.9 MPH)
|
Batting: RHB Billy Wells
|
0-0: Called Strike 0-1: Foul Ball, location: 2F 0-2: Fly out, F4 (Line Drive, 4, EV 71.9 MPH)
|
Bottom of the 2nd over - 0 runs, 0 hits, 0 errors, 0 left on base; University of Florida 0 - University of Virginia 0 |
TOP OF THE 3RD |
University of Florida Gators batting - Pitching for University of Virginia Cavaliers : RHP Roland Kindschy
|
Batting: SHB Michael Medina
|
0-0: Ball 1-0: Foul Ball, location: 2F 1-1: Fly out, F8 (Flyball, 8LD, EV 100.6 MPH)
|
Batting: LHB Juan Moreno
|
0-0: Ball 1-0: Called Strike 1-1: Ball 2-1: Called Strike 2-2: Strikes out swinging
|
Batting: RHB Vince Trussell
|
0-0: Ball 1-0: Swinging Strike 1-1: Foul Ball, location: 2F 1-2: Ball 2-2: Ball 3-2: Ground out 2-3 (Groundball, 2L, EV 68.1 MPH)
|
Top of the 3rd over - 0 runs, 0 hits, 0 errors, 0 left on base; University of Florida 0 - University of Virginia 0 |
BOTTOM OF THE 3RD |
University of Virginia Cavaliers batting - Pitching for University of Florida Gators : LHP Jorge Guadalupe
|
Batting: LHB Juan Castillo
|
0-0: DOUBLE (Flyball, 78D, EV 86.2 MPH)
|
Batting: RHB Callum Sutherland
|
0-0: Ball 1-0: Called Strike 1-1: Ball 2-1: Swinging Strike 2-2: Fly out, F3 (Line Drive, 3L, EV 75.6 MPH)
|
Batting: RHB Sean Carswell
|
0-0: Ball 1-0: Foul Ball, location: 2F 1-1: Foul Ball, location: 2F 1-2: Ground out 6-3 (Groundball, 6S, EV 66.2 MPH) Juan Castillo to third
|
Batting: SHB Ethan Lewis
|
0-0: Ball 1-0: Foul Ball, location: 2F 1-1: Foul Ball, location: 2F 1-2: Foul Ball, location: 2F 1-2: Ground out 6-3 (Groundball, 6S, EV 66.2 MPH)
|
Bottom of the 3rd over - 0 runs, 1 hit, 0 errors, 1 left on base; University of Florida 0 - University of Virginia 0 |
TOP OF THE 4TH |
University of Florida Gators batting - Pitching for University of Virginia Cavaliers : RHP Roland Kindschy
|
Batting: LHB Juan Cadavid
|
0-0: Called Strike 0-1: Swinging Strike 0-2: SINGLE (Flyball, 78S, EV 88.1 MPH)
|
Batting: SHB Pat Justice
|
0-0: Swinging Strike 0-1: Ball 1-1: Swinging Strike 1-2: Ball 2-2: Ball 3-2: Strikes out swinging
|
Batting: LHB Dave Newsome
|
0-0: Ball 1-0: Ball 2-0: Foul Ball, location: 2F 2-1: Foul Ball, location: 2F 2-2: Ball 3-2: Fielders Choice at 2nd, 4-6 (Groundball, 4, EV 85.6 MPH)
|
Batting: RHB Juan Lopez
|
0-0: Fly out, F7 (Flyball, 78S, EV 90.6 MPH)
|
Top of the 4th over - 0 runs, 1 hit, 0 errors, 1 left on base; University of Florida 0 - University of Virginia 0 |
BOTTOM OF THE 4TH |
University of Virginia Cavaliers batting - Pitching for University of Florida Gators : LHP Jorge Guadalupe
|
Batting: RHB Jeremy Weber
|
0-0: Fly out, F8 (Flyball, 89S, EV 86.2 MPH)
|
Batting: LHB Ray Nichter
|
0-0: Called Strike 0-1: Ball 1-1: Ball 2-1: Ball 3-1: Base on Balls
|
Batting: RHB Maurice McDonald
|
0-0: Ball 1-0: Ball Ray Nichter steals 2nd, throwing error, E2 Ray Nichter to third 2-0: Ball 3-0: Called Strike 3-1: Foul Ball, location: 2F 3-2: Strikes out swinging
|
Batting: RHB Allen McCaskill
|
0-0: SINGLE (Groundball, 6MD, EV 106.2 MPH) Ray Nichter scores
|
Batting: RHB Billy Wells
|
0-0: Ball 1-0: Foul Ball, location: 2F 1-1: Reached on error, E6 (Groundball, 6S, EV 83.1 MPH) Allen McCaskill to second
|
Batting: LHB Juan Castillo
|
0-0: Ball 1-0: Foul Ball, location: 2F 1-1: Swinging Strike 1-2: Foul Ball, location: 2F 1-2: DOUBLE (Line Drive, 5D, EV 98.8 MPH) Allen McCaskill scores Billy Wells to third
|
Batting: RHB Callum Sutherland
|
0-0: Foul Ball, location: 2F 0-1: Ball 1-1: Ball 2-1: Ball 3-1: Base on Balls
|
Batting: RHB Sean Carswell
|
0-0: Called Strike 0-1: Swinging Strike 0-2: Strikes out swinging
|
Bottom of the 4th over - 2 runs, 2 hits, 2 errors, 3 left on base; University of Florida 0 - University of Virginia 2 |
TOP OF THE 5TH |
University of Florida Gators batting - Pitching for University of Virginia Cavaliers : RHP Roland Kindschy
|
Now at 1B: Steve Heard
|
|
Batting: RHB Cyril Theophanous
|
0-0: Ball 1-0: Ground out U3 (Groundball, 3, EV 78.8 MPH)
|
Batting: LHB Jose Garcia
|
0-0: Ball 1-0: Called Strike 1-1: Ball 2-1: Foul Ball, location: 2F 2-2: SINGLE (Line Drive, 78S, EV 98.8 MPH)
|
Batting: SHB Michael Medina
|
0-0: Ball 1-0: Called Strike 1-1: Foul Ball, location: 2F 1-2: SINGLE (Groundball, P, EV 89.4 MPH) (infield hit) Jose Garcia to second
|
Batting: LHB Juan Moreno
|
0-0: Ball 1-0: Foul Ball, location: 2F 1-1: Reached on error, E4 (Groundball, 4, EV 86.2 MPH) Jose Garcia to third Michael Medina to second
|
Batting: RHB Vince Trussell
|
0-0: Called Strike 0-1: Foul Ball, location: 2F 0-2: Ball 1-2: Fly out, F7 (Flyball, 7, EV 79.4 MPH)
|
Pinch Hitting: RHB Keith Kamerling
|
0-0: Ball 1-0: Ball 2-0: Ground out 5-3 (Groundball, 56S, EV 66.9 MPH)
|
Top of the 5th over - 0 runs, 2 hits, 1 error, 3 left on base; University of Florida 0 - University of Virginia 2 |
BOTTOM OF THE 5TH |
University of Virginia Cavaliers batting - Pitching for University of Florida Gators : LHP Jorge Guadalupe
|
Now at 1B: Jordan Diaz
|
|
Now in CF: Keith Kamerling
|
|
Batting: SHB Ethan Lewis
|
0-0: Ball 1-0: Foul Ball, location: 2F 1-1: Ball 2-1: Ball 3-1: Base on Balls
|
Batting: RHB Steve Heard
|
0-0: Ball 1-0: Ball 2-0: Ball 3-0: Called Strike 3-1: Base on Balls Ethan Lewis to second
|
Pitching: RHP Dave Ross
|
|
Batting: LHB Ray Nichter
|
0-0: Ball 1-0: Ball 2-0: Swinging Strike 2-1: Ball 3-1: Called Strike 3-2: Fly out, F3 (Line Drive, 34, EV 62.5 MPH)
|
Batting: RHB Maurice McDonald
|
0-0: Foul Ball, location: 2F 0-1: Reached on error, E6 (Groundball, 6, EV 88.8 MPH) Ethan Lewis to third Steve Heard to second
|
Batting: RHB Allen McCaskill
|
0-0: Ball 1-0: Ball 2-0: Ball 3-0: Base on Balls Ethan Lewis scores Steve Heard to third Maurice McDonald to second
|
Pinch Hitting: LHB Eddie Vidalez
|
0-0: Called Strike 0-1: Ball 1-1: Called Strike 1-2: Ball 2-2: Ball 3-2: Fly out, F7 (Flyball, 7S, EV 80.6 MPH)
|
Batting: RHB Jason Thresher
|
0-0: Swinging Strike 0-1: Called Strike 0-2: Ball 1-2: Foul Ball, location: 2F 1-2: Ball 2-2: Fielders Choice at 2nd, 5-4 (Groundball, 5, EV 91.9 MPH)
|
Bottom of the 5th over - 1 run, 0 hits, 1 error, 3 left on base; University of Florida 0 - University of Virginia 3 |
TOP OF THE 6TH |
University of Florida Gators batting - Pitching for University of Virginia Cavaliers : RHP Roland Kindschy
|
Pitching: RHP Jason Odle
|
|
Now in LF: Callum Sutherland
|
|
Now in RF: Rob Coble
|
|
Batting: SHB Pat Justice
|
0-0: Called Strike 0-1: Ball 1-1: Ball 2-1: Ball 3-1: Foul Ball, location: 2F 3-2: Fly out, F9 (Line Drive, 9, EV 93.8 MPH)
|
Batting: LHB Dave Newsome
|
0-0: SINGLE (Groundball, 6D, EV 107.5 MPH)
|
Pinch Hitting: RHB C.J. Clifford
|
0-0: Fielders Choice at 2nd, 3-6 (Groundball, 3, EV 81.9 MPH)
|
Batting: RHB Trevor Wheeler
|
0-0: Ball 1-0: Ball 2-0: SINGLE (Flyball, 89S, EV 94.4 MPH) C.J. Clifford to second
|
Batting: RHB Jordan Diaz
|
0-0: Swinging Strike 0-1: Ground out 1-3 (Groundball, 15S, EV 74.4 MPH)
|
Top of the 6th over - 0 runs, 2 hits, 0 errors, 2 left on base; University of Florida 0 - University of Virginia 3 |
BOTTOM OF THE 6TH |
University of Virginia Cavaliers batting - Pitching for University of Florida Gators : RHP Dave Ross
|
Pitching: RHP Eddie Leniger
|
|
Now at 3B: C.J. Clifford
|
|
Batting: RHB Callum Sutherland
|
0-0: Ball 1-0: Called Strike 1-1: Foul Ball, location: 2F 1-2: Ground out 2-3 (Groundball, 2L, EV 65.0 MPH)
|
Batting: RHB Sean Carswell
|
0-0: Ball 1-0: Swinging Strike 1-1: Swinging Strike 1-2: Foul Ball, location: 2F 1-2: Ball 2-2: SINGLE (Groundball, P, EV 80.0 MPH) (infield hit)
|
Batting: SHB Ethan Lewis
|
0-0: Ball 1-0: Swinging Strike 1-1: Fielders Choice at 2nd, 3-6 (Groundball, 34S, EV 88.8 MPH)
|
Batting: RHB Steve Heard
|
0-0: Called Strike 0-1: Ball 1-1: Ball 2-1: Foul Ball, location: 2F 2-2: Strikes out swinging
|
Bottom of the 6th over - 0 runs, 1 hit, 0 errors, 1 left on base; University of Florida 0 - University of Virginia 3 |
TOP OF THE 7TH |
University of Florida Gators batting - Pitching for University of Virginia Cavaliers : RHP Jason Odle
|
Pitching: RHP Moses Villas
|
|
Pinch Hitting: RHB Manny Harrison
|
0-0: Ball 1-0: Ball 2-0: Ball 3-0: Called Strike 3-1: Foul Ball, location: 2F 3-2: Base on Balls
|
Batting: LHB Juan Moreno
|
0-0: Sac Bunt to 2R - play at first, batter OUT! 2-3 Manny Harrison to second
|
Batting: RHB Vince Trussell
|
0-0: Foul Ball, location: 2F 0-1: Foul Ball, location: 2F 0-2: Ball 1-2: Ground out 4-3 (Groundball, 4, EV 88.8 MPH) Manny Harrison to third
|
Batting: RHB Keith Kamerling
|
0-0: Ball 1-0: Ground out 4-3 (Groundball, 4S, EV 83.1 MPH)
|
Top of the 7th over - 0 runs, 0 hits, 0 errors, 1 left on base; University of Florida 0 - University of Virginia 3 |
BOTTOM OF THE 7TH |
University of Virginia Cavaliers batting - Pitching for University of Florida Gators : RHP Eddie Leniger
|
Pitching: LHP Bill White
|
|
Now at 2B: Manny Harrison
|
|
Batting: LHB Ray Nichter
|
0-0: Called Strike 0-1: Swinging Strike 0-2: Ball 1-2: SINGLE (Groundball, 34S, EV 68.8 MPH) (infield hit)
|
Batting: RHB Maurice McDonald
|
0-0: Foul Ball, location: 2F 0-1: Swinging Strike 0-2: Foul Ball, location: 2F 0-2: Ball 1-2: Fly out, F9 (Flyball, 9, EV 83.8 MPH)
|
Batting: RHB Allen McCaskill
|
0-0: Ball 1-0: Ball 2-0: Foul Ball, location: 2F 2-1: Called Strike Ray Nichter is caught stealing 2nd base 2-4 2-2: Ball 3-2: Ground out 4-3 (Groundball, 34D, EV 106.2 MPH)
|
Bottom of the 7th over - 0 runs, 1 hit, 0 errors, 0 left on base; University of Florida 0 - University of Virginia 3 |
TOP OF THE 8TH |
University of Florida Gators batting - Pitching for University of Virginia Cavaliers : RHP Moses Villas
|
Pitching: RHP Tofik Javakhov
|
|
Batting: SHB Pat Justice
|
0-0: Foul Ball, location: 2F 0-1: Called Strike 0-2: Fly out, F7 (Flyball, 78M, EV 96.2 MPH)
|
Batting: LHB Dave Newsome
|
0-0: Ball 1-0: Foul Ball, location: 2F 1-1: Foul Ball, location: 2F 1-2: Fly out, F3 (Popup, 3L, EV 64.4 MPH)
|
Batting: RHB C.J. Clifford
|
0-0: Foul Ball, location: 2F 0-1: DOUBLE (Flyball, 89D, EV 108.8 MPH)
|
Batting: RHB Trevor Wheeler
|
0-0: Ground out 6-3 (Groundball, 6, EV 95.6 MPH)
|
Top of the 8th over - 0 runs, 1 hit, 0 errors, 1 left on base; University of Florida 0 - University of Virginia 3 |
BOTTOM OF THE 8TH |
University of Virginia Cavaliers batting - Pitching for University of Florida Gators : LHP Bill White
|
Pitching: LHP Kang-xi Lin
|
|
Batting: RHB Rob Coble
|
0-0: Swinging Strike 0-1: Called Strike 0-2: Ball 1-2: Foul Ball, location: 2F 1-2: Foul Ball, location: 2F 1-2: Ground out 6-3 (Groundball, 6D, EV 108.8 MPH)
|
Batting: RHB Jason Thresher
|
0-0: Called Strike 0-1: Ball 1-1: Ball 2-1: Ball 3-1: Called Strike 3-2: Ground out 6-3 (Groundball, 6, EV 83.1 MPH)
|
Batting: RHB Callum Sutherland
|
0-0: Ball 1-0: Called Strike 1-1: Ball 2-1: Ball 3-1: Called Strike 3-2: Strikes out swinging
|
Bottom of the 8th over - 0 runs, 0 hits, 0 errors, 0 left on base; University of Florida 0 - University of Virginia 3 |
TOP OF THE 9TH |
University of Florida Gators batting - Pitching for University of Virginia Cavaliers : RHP Tofik Javakhov
|
Batting: RHB Jordan Diaz
|
0-0: Foul Ball, location: 2F 0-1: Called Strike 0-2: Ball 1-2: Foul Ball, location: 2F 1-2: Ball 2-2: Strikes out swinging
|
Batting: RHB Manny Harrison
|
0-0: Ball 1-0: Swinging Strike 1-1: Ball 2-1: Ball 3-1: Foul Ball, location: 2F 3-2: Foul Ball, location: 2F 3-2: Base on Balls
|
Batting: LHB Juan Moreno
|
0-0: Grounds into double play, 5-4-3 (Groundball, 5S, EV 85.6 MPH)
|
Top of the 9th over - 0 runs, 0 hits, 0 errors, 0 left on base; University of Florida 0 - University of Virginia 3 |
|